 Dungeon Crawl Stone Soup version 0.29.0-13-gc9e81de378 (webtiles) character file.

Game seed: 13779981184750666172

151 bande the Chopper (level 5, -7/46 HPs)
             Began as a Hill Orc Fighter on Sept 10, 2022.
             Mangled by a black bear (8 damage)
             ... on level 4 of the Dungeon.
             The game lasted 00:04:45 (4380 turns).

bande the Chopper (Hill Orc Fighter)                Turns: 4380, Time: 00:04:45

Health: -7/46      AC:  9    Str: 19    XL:     5   Next: 33%
Magic:  5/5        EV:  7    Int:  8    God:
Gold:   258        SH:  5    Dex: 12    Spells: 4/4 levels left

rFire   . . .      SeeInvis .   a - +0 war axe
rCold   . . .      Faith    .   c - +0 buckler
rNeg    . . .      Spirit   .   m - +0 chain mail
rPois   .          Reflect  .   (no helmet)
rElec   .          Harm     .   (no cloak)
rCorr   .          Rampage  .   (no gloves)
Will    .....                   (no boots)
Stlth   ..........              (no amulet)
HPRegen 0.15/turn               (no ring)
MPRegen 0.09/turn               (no ring)

@: hasted, very quick
A: no striking features
a: no special abilities


You were on level 4 of the Dungeon.
You visited 2 branches of the dungeon, and saw 5 of its levels.

You collected 258 gold pieces.

Inventory:

Hand Weapons
 a - a +0 war axe (weapon)
Armour
 c - a +0 buckler (worn)
 m - a +0 chain mail (worn)
Jewellery
 g - a ring of wizardry
 n - a ring of ice
Wands
 t - a wand of digging (8)
Scrolls
 b - a scroll of enchant weapon {unknown}
 e - 9 scrolls of identify {unknown}
 h - 2 scrolls of noise {unknown}
 i - a scroll of summoning {unknown}
 k - a scroll of teleportation {unknown}
 l - a scroll of magic mapping {unknown}
 r - 2 scrolls of fear {unknown}
 u - a scroll of immolation {unknown}
Potions
 d - a potion of might
 f - 3 potions of haste
 j - 2 potions of resistance {unknown}
 o - a potion of curing {unknown}
 p - 2 potions of flight {unknown}
 q - a potion of lignification {unknown}
 s - a potion of mutation {unknown}
 v - a potion of berserk rage {unknown}


   Skills:
 + Level 4.3 Fighting
 + Level 4.9 Axes
 + Level 4.4 Armour
 + Level 3.9 Shields


You had 4 spell levels left.
You didn't know any spells.
Your spell library contained the following spells:

 Spells                   Type           Power      Damage    Failure   Level
 Poisonous Vapours        Pois/Air       0%         N/A       100%        2
 Frozen Ramparts          Ice            0%         1d1       100%        3
 Corpse Rot               Necr/Pois/Air  0%         N/A       100%        4
 Ice Form                 Ice/Tmut       0%         N/A       100%        4
 Summon Ice Beast         Ice/Summ       0%         N/A       100%        4


Dungeon Overview and Level Annotations

Branches:
Dungeon (4/15)             Temple (1/1) D:4

Altars:
Ashenzari
Dithmenos
Elyvilon
Fedhas
Gozag
Hepliaklqana
Kikubaaqudgha
Makhleb
Nemelex Xobeh
Qazlal
Ru
Sif Muna
Trog
Vehumet
Zin
The Shining One


Message History

You hit the black bear but do no damage.
The black bear is moderately wounded.
The black bear bites you. The black bear barely misses you.
You block the black bear's attack. The black bear barely misses you.
The black bear claws you.
The black bear claws you but does no damage.
Unknown command.
You hit the black bear but do no damage.
The black bear is moderately wounded.
You block the black bear's attack. The black bear claws you.
* * * LOW HITPOINT WARNING * * *
The black bear claws you but does no damage.
You hit the black bear but do no damage.
The black bear is moderately wounded.
The black bear barely misses you. The black bear claws you.
* * * LOW HITPOINT WARNING * * *
You block the black bear's attack.
You hit the black bear.
The black bear is heavily wounded.
The black bear barely misses you.
The black bear claws you but does no damage.
You block the black bear's attack.
Unknown command.
You slash the black bear!
The black bear is severely wounded.
The black bear goes berserk!
The black bear bites you.
* * * LOW HITPOINT WARNING * * *
The black bear barely misses you. The black bear claws you.
* * * LOW HITPOINT WARNING * * *
You hit the black bear.
The black bear is severely wounded.
The black bear bites you but does no damage.
The black bear claws you.
* * * LOW HITPOINT WARNING * * *
The black bear claws you.
* * * LOW HITPOINT WARNING * * *
You block the black bear's attack. x2
The black bear claws you but does no damage.
It was a potion of haste.
You feel yourself speed up. The black bear bites you!
You die...

###.#...####.........####...##
#..........+.................#
###......###................##
#.##.#.# ##........#####..#
#..###.# ##.....#.# #..# #..#
.# ##...##.# #<.# #..###.#
##'###.# ...# #......# #.# #.#
#.## ##.##### #@# #.# .# # #.#
#h# #.# # #.# ... #.. # #.#
........ ####.#######
##...#... ............ ).....#
############ #..## # #..#


You could see a black bear (berserk).

Vanquished Creatures
  Jessica (D:3)
  3 adders
  2 worms (D:3)
  A dart slug (D:3)
  6 orcs
  7 ball pythons
  11 endoplasms
  2 giant cockroaches
  6 goblins
  10 hobgoblins
  3 jackals (D:3)
  A quokka (D:1)
  6 bats
  15 frilled lizards
  3 kobolds
  4 rats
  A butterfly (D:4)
82 creatures vanquished.

Vanquished Creatures (others)
  8 plants (D:3)
8 creatures vanquished.

Grand Total: 90 creatures vanquished

Notes
Turn   | Place    | Note
-------+----------+-------------------------------------------
     0 | D:1      | bande the Hill Orc Fighter began the quest for the Orb.
     0 | D:1      | Reached XP level 1. HP: 19/19 MP: 1/1
   164 | D:1      | Reached XP level 2. HP: 16/27 MP: 2/2
   996 | D:2      | Reached XP level 3. HP: 33/33 MP: 3/3
  1066 | D:2      | Found a sparkling altar of Nemelex Xobeh.
  2516 | D:2      | Reached XP level 4. HP: 29/40 MP: 4/4
  2747 | D:3      | Found a radiant altar of Vehumet.
  3207 | D:3      | Noticed Jessica
  3214 | D:3      | Killed Jessica
  3215 | D:3      | Reached XP level 5. HP: 29/46 MP: 5/5
  3729 | D:4      | Found a staircase to the Ecumenical Temple.
  3750 | Temple   | Entered the Ecumenical Temple
  4356 | D:4      | Noticed a black bear
  4379 | D:4      | HP: 1/46 [black bear (3)]
  4380 | D:4      | Mangled by a black bear

Illustrated notes

Levels and vault maps discovered:
D:1:      mrwooster_arrival_statue_2, layout_basic, minmay_tripent
D:2:      layout_basic, basic_altar
D:3:      minmay_angry_zag, layout_rooms, mainiacjoe_overflow_cross_hatched,
          minmay_lizard_king, uniq_jessica
D:4:      layout_loops_corners, nzn_wu_jian_council_hall,
          minmay_temple_entry_butterflies, chequers_serial_rivers_large_b
Temple:   minmay_temple_curvy_branch

Skill      XL: |  1  2  3 |
---------------+----------+-----
Axes           | 3 4 |  4.9
Fighting       | 4 |  4.3
Armour         | 4 |  4.4
Shields        | |  3.9

Action                   |  1- 3 |  4- 6 || total
-------------------------+-------+-------++-------
Melee: War axe           |   131 |   124 ||   255
  Use: Potion            |       |     1 ||     1
Armor: Scale mail        |    21 |       ||    21
       Chain mail        |    74 |    84 ||   158
Dodge: Dodged            |    51 |    57 ||   108
Block: Buckler           |    37 |    29 ||    66
